 Dungeon Crawl Stone Soup version 0.30.0-19-g36f170ea60 (webtiles) character file.

Game seed: 8879886786017779651

114 Agrostarius the Chopper (level 4, 0/32 HPs)
             Began as a Hill Orc Berserker on May 20, 2023.
             Was a Believer of Trog.
             Killed from afar by a wretched star (7 damage)
             ... with a lance of force
             ... on level 1 of the Abyss on May 30, 2023.
             The game lasted 00:06:40 (1429 turns).

Agrostarius the Chopper (Hill Orc Berserker)        Turns: 1429, Time: 00:06:41

Health: 0/32       AC:  9    Str: 21    XL:     4   Next: 98%
Magic:  4/4        EV: 11    Int:  7    God:    Trog [**....]
Gold:   163        SH:  0    Dex: 10    Spells: 3/3 levels left

rFire   + . .        a - +0 hand axe
rCold   x x .        (no shield)
rNeg    . . .        i - +0 ring mail
rPois   .            l - +0 helmet
rElec   .            y - +0 cloak
rCorr   .            x - +0 pair of gloves
SInv    .            (no boots)
Will    .....        (no amulet)
Stlth   +            r - ring of protection from fire
HPRegen 0.25/turn    (no ring)
MPRegen 0.09/turn

%: no passive effects
@: no status effects
A: [frail 2], [cold vulnerability 2]
a: Renounce Religion, Berserk, Trog's Hand


You were on level 1 of the Abyss.
You worshipped Trog.
Trog was pleased with you.
You visited 1 branch of the dungeon, and saw 3 of its levels.
You visited the Abyss 1 time.

You collected 163 gold pieces.

Inventory:

Hand Weapons
 a - a +0 hand axe (weapon)
Missiles
 f - 10 poisoned darts (quivered)
 p - 6 atropa-tipped darts
Armour
 i - a +0 ring mail (worn)
 l - a +0 helmet (worn)
 x - a +0 pair of gloves (worn)
 y - a +0 cloak (worn)
Jewellery
 r - a ring of protection from fire (left hand)
 w - an amulet of magic regeneration
Scrolls
 c - a scroll of amnesia {unknown}
 d - 2 scrolls of identify {unknown}
 e - a scroll of blinking {unknown}
 g - a scroll of fear {unknown}
 h - 2 scrolls of noise {unknown}
 k - 2 scrolls of poison {unknown}
 m - a scroll of enchant weapon {unknown}
 n - a scroll of silence {unknown}
 o - 2 scrolls of immolation {unknown}
 q - a scroll of enchant armour {unknown}
 s - a scroll of teleportation {unknown}
Potions
 j - a potion of might {unknown}
 t - a potion of brilliance {unknown}
 u - 2 potions of degeneration {unknown}
 v - a potion of haste {unknown}


   Skills:
 + Level 4.7 Fighting
 + Level 5.4 Axes
 + Level 3.2 Armour
 - Level 1.7 Dodging
 + Level 0.2 Stealth


You had 3 spell levels left.
You didn't know any spells.
Your spell library contained the following spells:

 Spells                   Type           Power      Damage    Failure   Level
 Ensorcelled Hibernation  Hex/Ice        0%         N/A       75%         2
 Spider Form              Tmut/Pois      0%         N/A       92%         3
 Anguish                  Hex/Necr       0%         N/A       100%        4


Dungeon Overview and Level Annotations

Branches:
Dungeon (3/15)

Altars:

Shops:
D:3 !


Innate Abilities, Weirdness & Mutations

[You are very frail. (-20% HP)]
[You are very vulnerable to cold. (rC--)]


Message History

You cannot move. (Use ctrl+direction or * direction to attack while stationary and confused.)
You cannot move. (Use ctrl+direction or * direction to attack while stationary and confused.)
You cannot move. (Use ctrl+direction or * direction to attack while stationary and confused.)
You cannot move. (Use ctrl+direction or * direction to attack while stationary and confused.) Unknown command.
You hit the gnoll but do no damage.
The gnoll hits you but does no damage. x2
You are cast into the Abyss!
This branch contains the abyssal rune of Zot.
Reactivating autopickup.
You start resting.
You feel less confused.
You start resting.
Your transformation is almost over.
You feel less wooden.
Your +0 cloak unmelds from your body.
Your +0 helmet unmelds from your body.
Your +0 pair of gloves unmelds from your body.
Your +0 ring mail unmelds from your body.
You start resting.
A tormentor bursts from nowhere.
A tormentor is nearby!
A tormentor is nearby!
A tormentor is nearby!
Found a gateway leading deeper into the Abyss.
Found a gateway leading out of the Abyss.
The tormentor calls on the powers of darkness!
Your body is wracked with pain!
* * * LOW HITPOINT WARNING * * *
A wretched star comes into view.
The wretched star pulses with an eldritch light!
You feel frail. x2
The wretched star glows turbulently.
The lance of force misses you.
The wretched star pulses with an eldritch light!
You feel vulnerable to cold. x2
The tormentor calls on the powers of darkness!
Your body is wracked with pain!
* * * LOW HITPOINT WARNING * * *
The wretched star glows turbulently.
The lance of force hits you!
You die...

#....... #......#
####......#
#......... #........
. #......# .# .
##......##.# ##.
##......@.∩#...
..>##.......*.......
# ................#.
................###
..........#......# .
....#..2..........
#.####...''##.##.....
..................##.
.≈~~~~~....~~~....#


You could see a wretched star and a tormentor.

Vanquished Creatures
  A gnoll (D:3)
  3 adders
  A worm (D:3)
  2 orcs (D:3)
  5 endoplasms
  2 giant cockroaches (D:1)
  7 goblins
  5 hobgoblins
  12 jackals
  5 kobolds
  5 quokkas
  8 ball pythons
  3 bats
  4 frilled lizards
63 creatures vanquished.

Notes
Turn   | Place    | Note
-------+----------+-------------------------------------------
     0 | D:1      | Agrostarius the Hill Orc Berserker began the quest for the
                  | Orb.
     0 | D:1      | Reached XP level 1. HP: 19/19 MP: 1/1
    95 | D:1      | Reached XP level 2. HP: 27/27 MP: 2/2
   137 | D:1      | Upgraded the game from 0.30.0-16-gbe6223bb7e to
                  | 0.30.0-19-g36f170ea60
   261 | D:1      | Reached XP level 3. HP: 32/33 MP: 3/3
   469 | D:2      | Found a faded altar of an unknown god.
   533 | D:2      | Reached ** piety under Trog
   743 | D:2      | Reached XP level 4. HP: 34/41 MP: 4/4
  1151 | D:3      | Reached skill level 5 in Axes
  1226 | D:3      | Found Totipur's Distillery.
  1366 | D:3      | Noticed a kobold brigand
  1381 | Abyss:1  | Cast into level 1 of the Abyss (gnoll)
  1419 | Abyss:1  | Noticed a tormentor
  1424 | Abyss:1  | Noticed a wretched star
  1429 | Abyss:1  | Killed from afar by a wretched star

Illustrated notes

Levels and vault maps discovered:
D:1:      ldierk_walled_garden, layout_rooms, amcnicky_mini_corridor_feature
D:2:      layout_basic, ebering_ecumenical_altar_petrified, kennysheep_boxes
D:3:      lemuel_castle_with_subvaults [lemuel_castle_interior_carwin_2],
          layout_rooms, demons_altar, serial_shops, shop, eino_tiny_chamber
Abyss:1:  base:
D:1

Skill      XL: |  1  2  3  4 |
---------------+-------------+-----
Fighting       | 4 |  4.7
Armour         | 3 |  3.2
Axes           | 5 |  5.4
Dodging        | |  1.7
Stealth        | |  0.2

Action                     |  1- 3 |  4- 6 || total
---------------------------+-------+-------++-------
  Melee: Hand axe          |    82 |    80 ||   162
         Punch             |       |     2 ||     2
 Invoke: Berserk           |       |     1 ||     1
    Use: Potion            |       |     1 ||     1
 Armour: Animal skin       |     6 |       ||     6
         Ring mail         |    27 |    38 ||    65
         Skin              |       |     3 ||     3
  Dodge: Dodged            |    48 |    55 ||   103
